[ PARTIDA AOE2 · #505663393 ]
UnrankedBritanos vs Gurjaras
Equipo del jugador · DERR
Equipo rival · VICT
[ ANÁLISIS DE REPETICIÓN · EXTRAÍDO DE LA PARTIDA GRABADA ]
Feudal
—
Castillos
—
Imperial
—
| APM promedio | 72.9 |
| APM pico | 102 |
| eAPM promedio | 30.7 |
| Aldeanos / militares | 24 / 0 |
Foco
⚔️ 33.9% · 🌾 66.1%
Feudal
—
Castillos
—
Imperial
—
| APM promedio | 81.6 |
| APM pico | 105 |
| eAPM promedio | 38.7 |
| Aldeanos / militares | 32 / 0 |
Foco
⚔️ 37.1% · 🌾 62.9%
Mapa de la partida
Recursos iniciales + cada clic de construcción. Líneas = muros · curvas = relieve. ◆ oro · ⬟ piedra · ● bayas · ✦ reliquia · ◌ hueco del cierre
Tu base
Base de Drunk Driver
Terreno inicial suavizado · ◌ = hueco del cierre detectado · pasá el cursor para detalles
Inputs por minuto
— Edgar Davids - - Drunk Driver
Build order — Edgar Davids
36 acciones detectadas en el replay
| 0:01 | Encolar | Villager (Male) |
| 0:02 | Construir | House |
| 0:03 | Construir | House |
| 0:10 | Investigar | Loom |
| 0:34 | Encolar | Villager (Male) |
| 0:34 | Encolar | Villager (Male) |
| 0:35 | Encolar | Villager (Male) |
| 1:53 | Encolar | Villager (Male) |
| 2:24 | Encolar | Villager (Male) |
| 3:05 | Encolar | Villager (Male) |
| 3:38 | Encolar | Villager (Male) |
| 3:48 | Construir | House |
| 4:25 | Encolar | Villager (Male) |
| 4:56 | Construir | Palisade Gate |
| 5:05 | Encolar | Villager (Male) |
| 5:28 | Encolar | Villager (Male) |
| 5:54 | Encolar | Villager (Male) |
| 6:10 | Encolar | Villager (Male) |
| 6:37 | Construir | Palisade Gate |
| 6:44 | Encolar | Villager (Male) |
| 6:56 | Construir | Palisade Gate |
| 7:10 | Encolar | Villager (Male) |
| 7:13 | Construir | House |
| 7:26 | Encolar | Villager (Male) |
| 7:49 | Encolar | Villager (Male) |
| 8:01 | Construir | Palisade Gate |
| 8:19 | Encolar | Villager (Male) |
| 8:30 | Encolar | Villager (Male) |
| 9:13 | Construir | Palisade Wall |
| 9:14 | Construir | House |
| 9:18 | Construir | Palisade Wall |
| 9:26 | Encolar | Villager (Male) |
| 9:31 | Encolar | Villager (Male) |
| 9:34 | Encolar | Villager (Male) |
| 9:47 | Encolar | Villager (Male) |
| 10:01 | Encolar | Villager (Male) |
Build order — Drunk Driver
53 acciones detectadas en el replay
| 0:00 | Encolar | Villager (Male) |
| 0:00 | Encolar | Villager (Male) |
| 0:03 | Construir | House |
| 0:04 | Construir | House |
| 0:10 | Encolar | Villager (Male) |
| 0:10 | Encolar | Villager (Male) |
| 0:11 | Encolar | Villager (Male) |
| 0:39 | Construir | Mill |
| 0:43 | Investigar | Loom |
| 0:44 | Encolar | Villager (Male) |
| 0:47 | Encolar | Villager (Male) |
| 2:05 | Encolar | Villager (Male) |
| 2:30 | Construir | Palisade Wall |
| 2:33 | Encolar | Villager (Male) |
| 2:59 | Encolar | Villager (Male) |
| 2:59 | Encolar | Villager (Male) |
| 3:38 | Construir | House |
| 3:38 | Encolar | Villager (Male) |
| 4:09 | Encolar | Villager (Male) |
| 4:41 | Construir | Palisade Wall |
| 4:58 | Encolar | Villager (Male) |
| 5:10 | Construir | Palisade Wall |
| 5:19 | Encolar | Villager (Male) |
| 5:30 | Construir | Palisade Wall |
| 5:55 | Encolar | Villager (Male) |
| 6:26 | Encolar | Villager (Male) |
| 6:42 | Construir | Lumber Camp |
| 6:52 | Encolar | Villager (Male) |
| 7:15 | Construir | Palisade Gate |
| 7:18 | Encolar | Villager (Male) |
| 7:19 | Encolar | Villager (Male) |
| 7:20 | Encolar | Villager (Male) |
| 7:24 | Construir | Palisade Wall |
| 7:26 | Construir | Palisade Wall |
| 7:42 | Construir | Palisade Wall |
| 7:43 | Construir | Palisade Wall |
| 7:44 | Construir | Palisade Wall |
| 7:48 | Construir | Palisade Wall |
| 7:49 | Construir | Palisade Wall |
| 8:12 | Encolar | Villager (Male) |
| 8:18 | Construir | House |
| 8:35 | Encolar | Villager (Male) |
| 8:35 | Encolar | Villager (Male) |
| 9:04 | Encolar | Villager (Male) |
| 9:04 | Encolar | Villager (Male) |
| 9:11 | Encolar | Villager (Male) |
| 9:26 | Encolar | Villager (Male) |
| 10:02 | Encolar | Villager (Male) |
| 10:20 | Encolar | Villager (Male) |
| 10:33 | Construir | House |
| 10:34 | Encolar | Villager (Male) |
| 10:34 | Encolar | Villager (Male) |
| 10:50 | Construir | Palisade Gate |
Cronología de la partida
| 2:30 | Drunk Driver · wall_segment Palisade Wall x2 |
| 4:41 | Drunk Driver · wall_segment Palisade Wall x4 |
| 5:10 | Drunk Driver · wall_segment Palisade Wall x2 |
| 5:30 | Drunk Driver · wall_segment Palisade Wall x1 |
| 7:24 | Drunk Driver · wall_segment Palisade Wall x1 |
| 7:26 | Drunk Driver · wall_segment Palisade Wall x1 |
| 7:42 | Drunk Driver · wall_segment Palisade Wall x1 |
| 7:43 | Drunk Driver · wall_segment Palisade Wall x1 |
| 7:44 | Drunk Driver · wall_segment Palisade Wall x1 |
| 7:48 | Drunk Driver · wall_segment Palisade Wall x1 |
| 7:49 | Drunk Driver · wall_segment Palisade Wall x1 |
| 9:13 | Edgar Davids · wall_segment Palisade Wall x1 |
| 9:18 | Edgar Davids · wall_segment Palisade Wall x1 |
| 11:05 | Edgar Davids · resign |
[ ANÁLISIS IA · 1 CRÉDITO ]
¿Qué pasó realmente en esta partida?
Wolo.gg analiza cada decisión: build order, eco, micro, errores típicos por bracket. Análisis personalizado por WhatsApp o Discord en 30 segundos.
Guía civ
Britanos
Perfil
Jugador #2266228